cohdb
Replays
Latest Replays
All Replays
Popular Replays
Top Player Replays
Match Explorer
How It Works
Community
CoH3 Stats
Reddit
Sign in to upload your games and track your stats! →
Sign in with Steam
Match 39361676
Unlisted
Match 39361676
Overview
Messages
Build Orders
End
Panzergrenadier Squad
Selects Armored Support Battlegroup
Panzergrenadier Squad
250 Light Carrier
Construct Light Support Kompanie
Selects Veteran Gunners
Construct Mechanized Kompanie
Support Armor Elements
Panzerjäger Mechanized Group
Selects Salvage Kits
StuG III D Assault Gun
Emergency Repair Kits
StuG III D Assault Gun
Selects Panzer Storm
18-tonne Recovery Half-track
Assault Mechanized Group
Rapid Advance
Marder III Tank Destroyer
Marder III Tank Destroyer
Tungsten Core Ammunition
Vehicle Survival Package
18-tonne Recovery Half-track
Selects Stuka Anti-tank Loiter
Selects Flammpanzer III Medium Tank
Advanced Optics
Stuka Anti-tank Loiter
Construct Panzerarmee Kommand
Veteran Squad Leaders
Panzergrenadier Squad
Armored Reserves
Panzer IV Assault Group
Lukylife
JimmyS
BIOHAZARD
[LoB]Fagio
0
0
Comments
sign in to comment!
No comments posted yet!